 Dungeon Crawl Stone Soup version 0.28-a0-1080-g05a166d0ed (webtiles) character file.

Game seed: 4767895095483832468

1974 ytrimaz the Martial Artist (level 9, -13/68 (70) HPs)
             Began as an Octopode Transmuter on Dec 10, 2021.
             Was an Initiate of Ashenzari.
             Mangled by a boulder beetle (51 damage)
             ... on level 7 of the Dungeon.
             The game lasted 00:10:25 (6080 turns).

ytrimaz the Martial Artist (Octopode Transmuter)    Turns: 6080, Time: 00:10:25

HP:   -13/68 (70)   AC:  7    Str: 15    XL:     9   Next: 20%
MP:   14/16         EV: 10    Int: 19    God:    Ashenzari [......]
Gold: 55            SH:  0    Dex: 13    Spells: 8/18 levels left

rFire   x . .      SeeInvis .     - Unarmed
rCold   + + +      Faith    .   (shield currently unavailable)
rNeg    . . .      Spirit   .   (helmet currently unavailable)
rPois   +          Reflect  .   d - amulet of regeneration
rElec   .          Harm     .   b - +6 ring of strength
rCorr   .          Rampage  .   (no ring)
Will    .....                   (no ring)
Stlth   +.........              (no ring)
HPRegen 1.01/turn               (no ring)
MPRegen 0.15/turn               (no ring)
                                (no ring)
                                (no ring)

@: ice-form, lightly drained
A: freezing attack, boosted hp, almost no armour, amphibious, 8 rings, large,
(camouflage 1), (gelatinous body 1), (nimble swimmer 1), (tentacles)
a: End Transformation, Renounce Religion, Curse Item


You were on level 7 of the Dungeon.
You worshipped Ashenzari.
Ashenzari was noncommittal.
You were a creature of crystalline ice.
You visited 2 branches of the dungeon, and saw 8 of its levels.
You also visited: Ossuary.

You collected 259 gold pieces.
You spent 204 gold pieces at shops.

Inventory:

Missiles
 n - 2 throwing nets
Armour
 a - the +5 hat of Maoxacob (melded) {rF++ Str+4 Int+3}
   (You acquired it on level 1 of the Dungeon)

   Str:       It affects your strength (+4).
   Int:       It affects your intelligence (+3).
   rF:        It greatly protects you from fire.
Jewellery
 b - a +6 ring of strength (left front paw)
 d - an amulet of regeneration (around neck)
 v - a ring of fire
Wands
 q - a wand of digging (3)
 s - a wand of flame (36)
 t - a wand of paralysis (8)
 w - a wand of mindburst (11)
Scrolls
 g - 3 scrolls of amnesia
 o - 3 scrolls of fear
 u - a scroll of enchant armour
Potions
 c - a potion of might
 e - 4 potions of attraction
 f - 5 potions of curing
 h - a potion of resistance {unknown}
 i - 3 potions of cancellation
 j - 2 potions of haste
 k - 5 potions of heal wounds
 l - 2 potions of ambrosia
 m - 2 potions of brilliance
 p - a potion of magic {unknown}


   Skills:
 * Level 4.5 Fighting
 - Level 2.0 Dodging
 + Level 8.6 Unarmed Combat
 * Level 5.2 Spellcasting
 * Level 5.2 Transmutations


You had 8 spell levels left.
You knew the following spells:

 Your Spells              Type           Power      Damage    Failure   Level
a - Beastly Appendage     Tmut           48%        N/A       1%          1
b - Wereblood             Tmut           24%        N/A       2%          2
c - Spider Form           Tmut/Pois      14%        N/A       12%         3
d - Ice Form              Ice/Tmut       14%        N/A       38%         4

Your spell library contained the following spells:

 Spells                   Type           Power      Damage    Failure   Level
 Inner Flame              Hex/Fire       4%         N/A       36%         3
 Cause Fear               Hex            2%         N/A       77%         4
 Discord                  Hex            2%         N/A       100%        8


Dungeon Overview and Level Annotations

Branches:
Dungeon (7/15)             Temple (1/1) D:6         Ossuary (visited)

Altars:
Ashenzari
Cheibriados
Fedhas
Hepliaklqana
Kikubaaqudgha
Nemelex Xobeh
Qazlal
Ru
Trog
Vehumet
Wu Jian
Xom
Yredelemnul
The Shining One

Shops:
D:6 :!*   D:7 (

Annotations:
D:4 Natasha
D:5 2 transporters, BrainTurd's ghost, novice GrEE


Innate Abilities, Weirdness & Mutations

You are a creature of crystalline ice.
You have a powerful freezing melee attack.
Your maximum health is increased.
Your armour is entirely melded.
You are incapable of wielding weapons or throwing items.
You cannot wear most types of armour.
You are amphibious.
You can wear up to eight rings at the same time.
((Your skin changes colour to match your surroundings (Stealth+).))
((Your rubbery body absorbs attacks. (AC +1, EV +1)))
((You are camouflaged near water. (Stealth+)))
((You have tentacles for arms and can constrict up to eight enemies at once.))


Message History

Casting: Wereblood (safe; 1% risk of failure)
Confirm with . or Enter, or press ? or * to list all spells.
The spell is quite dangerous to miscast (34% risk of failure)!
Continue anyway?
Okay, then.
The boulder beetle curls into a ball and begins rolling!
Casting: Ice Form (quite dangerous; 34% risk of failure)
Confirm with . or Enter, or press ? or * to list all spells.
The spell is quite dangerous to miscast (34% risk of failure)!
Continue anyway?
You turn into a creature of crystalline ice.
The +5 hat of Maoxacob {rF++ Str+4 Int+3} melds into your body.
Unknown command.
The boulder beetle barely misses you.
The boulder beetle stops rolling and uncurls.
You hit the boulder beetle but do no damage.
The boulder beetle bites you!
You hit the boulder beetle but do no damage.
The boulder beetle bites you but does no damage.
You hit the boulder beetle but do no damage.
The boulder beetle bites you.
You hit the boulder beetle but do no damage.
Unknown command.
You punch the boulder beetle! You freeze the boulder beetle.
The boulder beetle is moderately wounded.
The boulder beetle bites you!!
* * * LOW HITPOINT WARNING * * *
You hit the boulder beetle but do no damage.
The boulder beetle is moderately wounded.
The boulder beetle bites you!
* * * LOW HITPOINT WARNING * * *
Unknown command.
You feel much better. The boulder beetle bites you.
Unknown command.
The boulder beetle curls into a ball and begins rolling!
The boulder beetle hits you.
The boulder beetle stops rolling and uncurls.
Unknown command.
The boulder beetle curls into a ball and begins rolling!
The boulder beetle hits you!!!
Ouch! That really hurt!
You die...

#......###.#
#...°......#
#.....###### #.....####
### ##..####.. ..#
#.°####.## #.# .#
#..○.....# #.# .#
#..####.#########.# .#
##.......°°○BY.....#
.###...#########.....<#
.##...................#
.#.###.########(......#
.^## ##.#####
#.......########## ..#
#.....#
#................. #.##
##.###.#
##....###.)......#
##.###.## ###.##
#.######.# ##...## #.#
#)#


You could see a boulder beetle (rolling).

Vanquished Creatures
  A water moccasin (D:5)
  A sky beast (D:6)
  2 centaurs
  An ogre (D:5)
  A phantom (D:6)
  2 kobold brigands
  A bullfrog (D:6)
  A wyvern zombie (D:7)
  2 scorpions
  A water moccasin zombie (D:6)
  A water moccasin skeleton (D:5)
  4 wights (D:6)
  A howler monkey (D:4)
  A bullfrog zombie (D:5)
  4 hounds
  An orc priest (D:7)
  A centaur skeleton (D:5)
  A gnoll shaman (D:6)
  Jessica (D:2)
  2 iguanas
  2 orc wizards
  A killer bee zombie (D:6)
  2 hound skeletons
  A howler monkey zombie (D:6)
  A mummy (Ossuary)
  Robin (D:4)
  8 gnolls (D:6)
  2 howler monkey skeletons
  4 adders
  A shadow imp (D:6)
  A white imp (D:6)
  A worm (D:2)
  6 dart slugs
  21 orcs
  4 spectral bats (Ossuary)
  7 endoplasms
  3 giant cockroaches
  11 gnoll zombies (Ossuary)
  12 goblins
  7 hobgoblins
  13 kobolds
  A quokka (D:5)
  6 ball pythons
  5 bats
  3 frilled lizards
  5 goblin zombies (Ossuary)
  6 hobgoblin zombies (Ossuary)
  2 kobold zombies (Ossuary)
  5 orc zombies (Ossuary)
  3 rats
  3 spectral goblins (Ossuary)
  2 spectral kobolds (Ossuary)
  3 spectral rats (Ossuary)
183 creatures vanquished.

Vanquished Creatures (others)
  15 fungi (D:6)
15 creatures vanquished.

Grand Total: 198 creatures vanquished

Notes
Turn   | Place    | Note
-------+----------+-------------------------------------------
     0 | D:1      | ytrimaz the Octopode Transmuter began the quest for the
                  | Orb.
     0 | D:1      | Reached XP level 1. HP: 13/13 MP: 3/3
   420 | D:1      | Reached XP level 2. HP: 18/18 MP: 3/5
   490 | D:1      | Learned a level 2 spell: Wereblood
   502 | D:1      | Identified a scroll of acquirement
   502 | D:1      | Acquired the +5 hat of Maoxacob {rF++ Str+4 Int+3}
  1078 | D:2      | Reached XP level 3. HP: 23/23 MP: 4/6
  1080 | D:2      | Found a faded altar of an unknown god.
  1289 | D:2      | Noticed Jessica
  1297 | D:2      | Killed Jessica
  1298 | D:2      | Reached XP level 4. HP: 26/29 MP: 5/7
  1376 | D:2      | Found a bloodstained altar of Trog.
  1806 | D:3      | Found an ancient bone altar of Kikubaaqudgha.
  1996 | D:3      | Found a blossoming altar of Fedhas.
  2028 | D:3      | Reached skill level 4 in Unarmed Combat
  2498 | D:4      | Reached XP level 5. HP: 34/34 MP: 9/9
  2590 | D:4      | Learned a level 3 spell: Spider Form
  2611 | D:4      | Noticed a kobold brigand
  2624 | D:4      | Noticed Robin
  2635 | D:4      | Killed a kobold brigand
  2636 | D:4      | Reached skill level 5 in Unarmed Combat
  2636 | D:4      | Reached XP level 6. HP: 15/41 MP: 8/10
  2641 | D:4      | Killed Robin
  2914 | D:4      | Found a snail-covered altar of Cheibriados.
  2987 | D:4      | Noticed Natasha
  3120 | D:5      | Entered Level 5 of the Dungeon
  3204 | D:5      | Reached XP level 7. HP: 45/45 MP: 12/12
  3282 | D:5      | Found a sand-covered staircase.
  3286 | Ossuary  | Entered an ossuary
  3384 | Ossuary  | Reached skill level 6 in Unarmed Combat
  3910 | D:5      | Reached XP level 8. HP: 52/52 MP: 8/13
  4007 | D:5      | Found a transporter.
  4012 | D:5      | Found a transporter.
  4013 | D:5      | Noticed BrainTurd's ghost (novice GrEE)
  4179 | D:6      | Found a staircase to the Ecumenical Temple.
  4199 | Temple   | Entered the Ecumenical Temple
  4420 | Temple   | Became a worshipper of Ashenzari the Shackled
  4470 | D:6      | Reached skill level 7 in Unarmed Combat
  4544 | D:6      | Found Kichoipp's Distillery.
  4554 | D:6      | Bought a potion of heal wounds for 60 gold pieces
  4554 | D:6      | Bought a potion of heal wounds for 60 gold pieces
  4554 | D:6      | Bought a potion of curing for 36 gold pieces
  4554 | D:6      | Bought a potion of brilliance for 48 gold pieces
  4567 | D:6      | Found Uroahur's General Store.
  4868 | D:6      | Identified the +4 hand axe of the Pyrrhic Victory {holy,
                  | Str+3}
  4906 | D:6      | Learned a level 4 spell: Ice Form
  5056 | D:6      | Reached skill level 8 in Unarmed Combat
  5404 | D:6      | Reached XP level 9. HP: 53/58 MP: 8/16
  5630 | D:6      | Reached skill level 5 in Transmutations
  5718 | D:6      | Found Lerphuahi's Book Boutique.
  5775 | D:6      | Reached skill level 5 in Spellcasting
  5835 | D:7      | Found Heubly's Weapon Shoppe.
  6044 | D:7      | Noticed a boulder beetle
  6080 | D:7      | Mangled by a boulder beetle

Illustrated notes

Levels and vault maps discovered:
D:1:      ebering_trefoil_twist, layout_loops_ring, nrook_campfire
D:2:      layout_basic, basic_altar, hellmonk_ecumenical_altar_arch_garden,
          uniq_jessica
D:3:      layout_basic, mainiacjoe_overflow_catwalk,
          nicolae_kikubaaqudgha_miasma_corner
D:4:      layout_rooms, mainiacjoe_overflow_chevrons, grunt_decor_arrowhead,
          uniq_robin, uniq_natasha
D:5:      layout_cave_pools, gammafunk_ghost_hive,
          lightli_ossuary_entry_decrepit_ruins, kennysheep_dice
D:6:      layout_basic, minmay_temple_entry_stoned_glass, serial_shops,
          nicolae_shop_trees, kennysheep_mini_moat, shop_fountains,
          serial_aquarium, aquarium_bridge_straight [aquarium_subvault_bridge,
          aquarium_subvault_wall, aquarium_subvault_bridge,
          aquarium_subvault_window], aquarium_bridge_square
          [aquarium_subvault_bridge, aquarium_subvault_window,
          aquarium_subvault_window, aquarium_subvault_window],
          aquarium_window_fake, aquarium_window_fake, aquarium_view_2d,
          aquarium_view_2g, aquarium_balcony_3a, aquarium_pool_five,
          grunt_tough_drop
D:7:      layout_loops_ring, nicolae_gozag_cash_rules_everything_around_me,
          serial_shops, shop_statue
Temple:   jpeg_temple_alley_garden

Skill      XL: |  1  2  3  4  5  6  7  8  9 |
---------------+----------------------------+-----
Unarmed Combat | 4 5 6 8 |  8.6
Fighting       | 2 3 4 |  4.5
Transmutations | 3 4 5 |  5.2
Spellcasting   | 3 4 5 |  5.2
Dodging        | |  2.0

Action                   |  1- 3 |  4- 6 |  7- 9 || total
-------------------------+-------+-------+-------++-------
Melee: Unarmed           |    69 |   121 |   264 ||   454
       Kick              |     7 |     1 |     5 ||    13
       Constrict         |    16 |    33 |    59 ||   108
       Tentacles         |    10 |    30 |    58 ||    98
       Punch             |       |     4 |    16 ||    20
 Cast: Beastly Appendage |     7 |       |     3 ||    10
       Wereblood         |       |     4 |     5 ||     9
       Spider Form       |       |       |     4 ||     4
       Ice Form          |       |       |     3 ||     3
  Use: Scroll            |     5 |     6 |     6 ||    17
       Potion            |       |       |     1 ||     1
 Stab: Sleeping          |     6 |     1 |    13 ||    20
Armor: Skin              |    17 |    43 |    50 ||   110
Dodge: Dodged            |    46 |    90 |   161 ||   297

Table legend: (Time is in decaauts)
 A = Elapsed time spent in this place.
 B = Non-inter-level travel time spent in this place.
 C = Inter-level travel time spent in this place.
 D = Time resting spent in this place.
 E = Time spent auto-exploring this place.
 F = Levels seen in this place.
 G = Mean time per level.
                   A        B        C        D        E       F      G
               +--------+--------+--------+--------+--------+-----+--------+
         Total |   6031 |   5931 |    100 |    258 |   4164 |   9 |  670.1 |
       Dungeon |   5475 |   5399 |     76 |    250 |   3868 |   7 |  782.1 |
        Temple |    249 |    225 |     24 |      0 |    174 |   1 |  249.0 |
       Ossuary |    306 |    306 |      0 |      8 |    122 |   1 |  306.0 |
               +--------+--------+--------+--------+--------+-----+--------+

Top non-repeatable levels by time:
     D:6: 1374 daAuts
     D:1: 1066 daAuts
     D:3: 889 daAuts
     D:5: 727 daAuts
     D:4: 627 daAuts
     D:2: 522 daAuts
 Ossuary: 306 daAuts
     D:7: 267 daAuts
  Temple: 249 daAuts
